Workbook

Sheet Einnahmen_Ausgaben
A1: Buchungs-ID | B1: Datum | C1: Eigentümer | D1: Immobilie | E1: Adresse | F1: Stadt | G1: Einheit/Wohnung | H1: Mieter | I1: Buchungsart | J1: Steuerkategorie | K1: Beschreibung | L1: Umlagefähig? | M1: Einnahmen brutto (€) | N1: Ausgaben/Werbungskosten (€) | O1: AfA-relevant? | P1: Belegnummer | Q1: Zahlungsstatus | R1: Bemerkung | S1: Kategoriegruppe
A2: EA-2026-001 | B2: 46025 | C2: Thomas Becker | D2: Mehrfamilienhaus Hauptstraße 12 | E2: Hauptstraße 12 | F2: Berlin | G2: Wohnung 2. OG | H2: Lena König | I2: Mieteinnahme | J2: Kaltmiete | K2: Kaltmiete Januar 2026 | L2: Nein | M2: 950 | N2: 0 | O2: Nein | P2: MI-2026-001 | Q2: Bezahlt | R2: Mieteingang fristgerecht | S2: =IF('Einnahmen_Ausgaben'!$J$2="","",IFERROR(VLOOKUP('Einnahmen_Ausgaben'!$J$2,'Steuerliche_Auswertung'!$H$6:$I$14,2,FALSE),"Nicht zugeordnet"))
A3: EA-2026-002 | B3: 46027 | C3: Sabine Müller | D3: Wohnanlage Lindenallee 7 | E3: Lindenallee 7 | F3: München | G3: Wohnung 1 | H3: Jonas Hartmann | I3: Mieteinnahme | J3: Kaltmiete | K3: Kaltmiete Januar 2026 | L3: Nein | M3: 1280 | N3: 0 | O3: Nein | P3: MI-2026-002 | Q3: Bezahlt | R3: Mieteingang fristgerecht | S3: =IF('Einnahmen_Ausgaben'!$J$3="","",IFERROR(VLOOKUP('Einnahmen_Ausgaben'!$J$3,'Steuerliche_Auswertung'!$H$6:$I$14,2,FALSE),"Nicht zugeordnet"))
A4: EA-2026-003 | B4: 46055 | C4: Andreas Schneider | D4: Mehrfamilienhaus Goethestraße 45 | E4: Goethestraße 45 | F4: Hamburg | G4: Wohnung 3 | H4: Miriam Wolf | I4: Mieteinnahme | J4: Kaltmiete | K4: Kaltmiete Februar 2026 | L4: Nein | M4: 1150 | N4: 0 | O4: Nein | P4: MI-2026-003 | Q4: Bezahlt | R4: Dauerauftrag | S4: =IF('Einnahmen_Ausgaben'!$J$4="","",IFERROR(VLOOKUP('Einnahmen_Ausgaben'!$J$4,'Steuerliche_Auswertung'!$H$6:$I$14,2,FALSE),"Nicht zugeordnet"))
A5: EA-2026-004 | B5: 46056 | C5: Petra Wagner | D5: Wohnanlage Gartenstraße 18 | E5: Gartenstraße 18 | F5: Köln | G5: Stellplatz 14 | H5: Daniel Krüger | I5: Mieteinnahme | J5: Stellplatzmiete | K5: Stellplatzmiete Februar 2026 | L5: Nein | M5: 85 | N5: 0 | O5: Nein | P5: MI-2026-004 | Q5: Bezahlt | R5: Separater Stellplatzvertrag | S5: =IF('Einnahmen_Ausgaben'!$J$5="","",IFERROR(VLOOKUP('Einnahmen_Ausgaben'!$J$5,'Steuerliche_Auswertung'!$H$6:$I$14,2,FALSE),"Nicht zugeordnet"))
A6: EA-2026-005 | B6: 46058 | C6: Michael Hoffmann | D6: Mehrfamilienhaus Bahnhofstraße 22 | E6: Bahnhofstraße 22 | F6: Frankfurt am Main | G6: Wohnung 4 | H6: Jan Scholz | I6: Nebenkostenvorauszahlung | J6: Betriebskostenvorauszahlung | K6: Nebenkostenvorauszahlung Februar 2026 | L6: Ja | M6: 240 | N6: 0 | O6: Nein | P6: MI-2026-005 | Q6: Bezahlt | R6: Vorauszahlung laut Mietvertrag | S6: =IF('Einnahmen_Ausgaben'!$J$6="","",IFERROR(VLOOKUP('Einnahmen_Ausgaben'!$J$6,'Steuerliche_Auswertung'!$H$6:$I$14,2,FALSE),"Nicht zugeordnet"))
A7: EA-2026-006 | B7: 46063 | C7: Julia Richter | D7: Mehrfamilienhaus Rosenweg 9 | E7: Rosenweg 9 | F7: Stuttgart | G7: Wohnung 2 | H7: Mietgemeinschaft Köhler | I7: Ausgabe | J7: Versicherung | K7: Gebäudeversicherung Jahresbeitrag | L7: Ja | M7: 0 | N7: 486 | O7: Nein | P7: AG-2026-006 | Q7: Bezahlt | R7: Umlage über Betriebskostenabrechnung möglich | S7: =IF('Einnahmen_Ausgaben'!$J$7="","",IFERROR(VLOOKUP('Einnahmen_Ausgaben'!$J$7,'Steuerliche_Auswertung'!$H$6:$I$14,2,FALSE),"Nicht zugeordnet"))
A8: EA-2026-007 | B8: 46068 | C8: Stefan Weber | D8: Wohnanlage Parkstraße 31 | E8: Parkstraße 31 | F8: Düsseldorf | G8: Wohnung 6 | H8: Sophie Brandt | I8: Ausgabe | J8: Hausverwaltung | K8: Hausverwalterhonorar Februar 2026 | L8: Nein | M8: 0 | N8: 178.5 | O8: Nein | P8: AG-2026-007 | Q8: Bezahlt | R8: Nicht umlagefähige Verwaltungskosten | S8: =IF('Einnahmen_Ausgaben'!$J$8="","",IFERROR(VLOOKUP('Einnahmen_Ausgaben'!$J$8,'Steuerliche_Auswertung'!$H$6:$I$14,2,FALSE),"Nicht zugeordnet"))
A9: EA-2026-008 | B9: 46074 | C9: Claudia Fischer | D9: Mehrfamilienhaus Lessingstraße 6 | E9: Lessingstraße 6 | F9: Leipzig | G9: Wohnung 1. OG links | H9: Tobias Neumann | I9: Ausgabe | J9: Reparatur | K9: Reparatur Sanitäranlage | L9: Nein | M9: 0 | N9: 642.6 | O9: Nein | P9: AG-2026-008 | Q9: Bezahlt | R9: Handwerkerrechnung vorhanden | S9: =IF('Einnahmen_Ausgaben'!$J$9="","",IFERROR(VLOOKUP('Einnahmen_Ausgaben'!$J$9,'Steuerliche_Auswertung'!$H$6:$I$14,2,FALSE),"Nicht zugeordnet"))
A10: EA-2026-009 | B10: 46081 | C10: Markus Bauer | D10: Wohnhaus Elbweg 14 | E10: Elbweg 14 | F10: Dresden | G10: Wohnung 2 | H10: Laura Seidel | I10: Ausgabe | J10: Zinsen | K10: Darlehenszinsen Februar 2026 | L10: Nein | M10: 0 | N10: 735.4 | O10: Nein | P10: AG-2026-009 | Q10: Bezahlt | R10: Zinsbescheinigung der Bank beachten | S10: =IF('Einnahmen_Ausgaben'!$J$10="","",IFERROR(VLOOKUP('Einnahmen_Ausgaben'!$J$10,'Steuerliche_Auswertung'!$H$6:$I$14,2,FALSE),"Nicht zugeordnet"))
A11: EA-2026-010 | B11: 46082 | C11: Nicole Schulz | D11: Mehrfamilienhaus Kirchplatz 4 | E11: Kirchplatz 4 | F11: Hannover | G11: Wohnung Dachgeschoss | H11: Felix Berger | I11: Ausgabe | J11: Grundsteuer | K11: Grundsteuer Vorauszahlung 2026 | L11: Ja | M11: 0 | N11: 389.2 | O11: Nein | P11: AG-2026-010 | Q11: Bezahlt | R11: Umlage nach Mietvertrag prüfen | S11: =IF('Einnahmen_Ausgaben'!$J$11="","",IFERROR(VLOOKUP('Einnahmen_Ausgaben'!$J$11,'Steuerliche_Auswertung'!$H$6:$I$14,2,FALSE),"Nicht zugeordnet"))
S12: =IF('Einnahmen_Ausgaben'!$J$12="","",IFERROR(VLOOKUP('Einnahmen_Ausgaben'!$J$12,'Steuerliche_Auswertung'!$H$6:$I$14,2,FALSE),"Nicht zugeordnet"))
S13: =IF('Einnahmen_Ausgaben'!$J$13="","",IFERROR(VLOOKUP('Einnahmen_Ausgaben'!$J$13,'Steuerliche_Auswertung'!$H$6:$I$14,2,FALSE),"Nicht zugeordnet"))
S14: =IF('Einnahmen_Ausgaben'!$J$14="","",IFERROR(VLOOKUP('Einnahmen_Ausgaben'!$J$14,'Steuerliche_Auswertung'!$H$6:$I$14,2,FALSE),"Nicht zugeordnet"))
S15: =IF('Einnahmen_Ausgaben'!$J$15="","",IFERROR(VLOOKUP('Einnahmen_Ausgaben'!$J$15,'Steuerliche_Auswertung'!$H$6:$I$14,2,FALSE),"Nicht zugeordnet"))
S16: =IF('Einnahmen_Ausgaben'!$J$16="","",IFERROR(VLOOKUP('Einnahmen_Ausgaben'!$J$16,'Steuerliche_Auswertung'!$H$6:$I$14,2,FALSE),"Nicht zugeordnet"))
S17: =IF('Einnahmen_Ausgaben'!$J$17="","",IFERROR(VLOOKUP('Einnahmen_Ausgaben'!$J$17,'Steuerliche_Auswertung'!$H$6:$I$14,2,FALSE),"Nicht zugeordnet"))
S18: =IF('Einnahmen_Ausgaben'!$J$18="","",IFERROR(VLOOKUP('Einnahmen_Ausgaben'!$J$18,'Steuerliche_Auswertung'!$H$6:$I$14,2,FALSE),"Nicht zugeordnet"))
S19: =IF('Einnahmen_Ausgaben'!$J$19="","",IFERROR(VLOOKUP('Einnahmen_Ausgaben'!$J$19,'Steuerliche_Auswertung'!$H$6:$I$14,2,FALSE),"Nicht zugeordnet"))
S20: =IF('Einnahmen_Ausgaben'!$J$20="","",IFERROR(VLOOKUP('Einnahmen_Ausgaben'!$J$20,'Steuerliche_Auswertung'!$H$6:$I$14,2,FALSE),"Nicht zugeordnet"))
S21: =IF('Einnahmen_Ausgaben'!$J$21="","",IFERROR(VLOOKUP('Einnahmen_Ausgaben'!$J$21,'Steuerliche_Auswertung'!$H$6:$I$14,2,FALSE),"Nicht zugeordnet"))
S22: =IF('Einnahmen_Ausgaben'!$J$22="","",IFERROR(VLOOKUP('Einnahmen_Ausgaben'!$J$22,'Steuerliche_Auswertung'!$H$6:$I$14,2,FALSE),"Nicht zugeordnet"))
S23: =IF('Einnahmen_Ausgaben'!$J$23="","",IFERROR(VLOOKUP('Einnahmen_Ausgaben'!$J$23,'Steuerliche_Auswertung'!$H$6:$I$14,2,FALSE),"Nicht zugeordnet"))
S24: =IF('Einnahmen_Ausgaben'!$J$24="","",IFERROR(VLOOKUP('Einnahmen_Ausgaben'!$J$24,'Steuerliche_Auswertung'!$H$6:$I$14,2,FALSE),"Nicht zugeordnet"))
S25: =IF('Einnahmen_Ausgaben'!$J$25="","",IFERROR(VLOOKUP('Einnahmen_Ausgaben'!$J$25,'Steuerliche_Auswertung'!$H$6:$I$14,2,FALSE),"Nicht zugeordnet"))
S26: =IF('Einnahmen_Ausgaben'!$J$26="","",IFERROR(VLOOKUP('Einnahmen_Ausgaben'!$J$26,'Steuerliche_Auswertung'!$H$6:$I$14,2,FALSE),"Nicht zugeordnet"))
S27: =IF('Einnahmen_Ausgaben'!$J$27="","",IFERROR(VLOOKUP('Einnahmen_Ausgaben'!$J$27,'Steuerliche_Auswertung'!$H$6:$I$14,2,FALSE),"Nicht zugeordnet"))
S28: =IF('Einnahmen_Ausgaben'!$J$28="","",IFERROR(VLOOKUP('Einnahmen_Ausgaben'!$J$28,'Steuerliche_Auswertung'!$H$6:$I$14,2,FALSE),"Nicht zugeordnet"))
S29: =IF('Einnahmen_Ausgaben'!$J$29="","",IFERROR(VLOOKUP('Einnahmen_Ausgaben'!$J$29,'Steuerliche_Auswertung'!$H$6:$I$14,2,FALSE),"Nicht zugeordnet"))
S30: =IF('Einnahmen_Ausgaben'!$J$30="","",IFERROR(VLOOKUP('Einnahmen_Ausgaben'!$J$30,'Steuerliche_Auswertung'!$H$6:$I$14,2,FALSE),"Nicht zugeordnet"))
S31: =IF('Einnahmen_Ausgaben'!$J$31="","",IFERROR(VLOOKUP('Einnahmen_Ausgaben'!$J$31,'Steuerliche_Auswertung'!$H$6:$I$14,2,FALSE),"Nicht zugeordnet"))
S32: =IF('Einnahmen_Ausgaben'!$J$32="","",IFERROR(VLOOKUP('Einnahmen_Ausgaben'!$J$32,'Steuerliche_Auswertung'!$H$6:$I$14,2,FALSE),"Nicht zugeordnet"))
S33: =IF('Einnahmen_Ausgaben'!$J$33="","",IFERROR(VLOOKUP('Einnahmen_Ausgaben'!$J$33,'Steuerliche_Auswertung'!$H$6:$I$14,2,FALSE),"Nicht zugeordnet"))
S34: =IF('Einnahmen_Ausgaben'!$J$34="","",IFERROR(VLOOKUP('Einnahmen_Ausgaben'!$J$34,'Steuerliche_Auswertung'!$H$6:$I$14,2,FALSE),"Nicht zugeordnet"))
S35: =IF('Einnahmen_Ausgaben'!$J$35="","",IFERROR(VLOOKUP('Einnahmen_Ausgaben'!$J$35,'Steuerliche_Auswertung'!$H$6:$I$14,2,FALSE),"Nicht zugeordnet"))
S36: =IF('Einnahmen_Ausgaben'!$J$36="","",IFERROR(VLOOKUP('Einnahmen_Ausgaben'!$J$36,'Steuerliche_Auswertung'!$H$6:$I$14,2,FALSE),"Nicht zugeordnet"))
S37: =IF('Einnahmen_Ausgaben'!$J$37="","",IFERROR(VLOOKUP('Einnahmen_Ausgaben'!$J$37,'Steuerliche_Auswertung'!$H$6:$I$14,2,FALSE),"Nicht zugeordnet"))
S38: =IF('Einnahmen_Ausgaben'!$J$38="","",IFERROR(VLOOKUP('Einnahmen_Ausgaben'!$J$38,'Steuerliche_Auswertung'!$H$6:$I$14,2,FALSE),"Nicht zugeordnet"))
S39: =IF('Einnahmen_Ausgaben'!$J$39="","",IFERROR(VLOOKUP('Einnahmen_Ausgaben'!$J$39,'Steuerliche_Auswertung'!$H$6:$I$14,2,FALSE),"Nicht zugeordnet"))
S40: =IF('Einnahmen_Ausgaben'!$J$40="","",IFERROR(VLOOKUP('Einnahmen_Ausgaben'!$J$40,'Steuerliche_Auswertung'!$H$6:$I$14,2,FALSE),"Nicht zugeordnet"))
S41: =IF('Einnahmen_Ausgaben'!$J$41="","",IFERROR(VLOOKUP('Einnahmen_Ausgaben'!$J$41,'Steuerliche_Auswertung'!$H$6:$I$14,2,FALSE),"Nicht zugeordnet"))
S42: =IF('Einnahmen_Ausgaben'!$J$42="","",IFERROR(VLOOKUP('Einnahmen_Ausgaben'!$J$42,'Steuerliche_Auswertung'!$H$6:$I$14,2,FALSE),"Nicht zugeordnet"))
S43: =IF('Einnahmen_Ausgaben'!$J$43="","",IFERROR(VLOOKUP('Einnahmen_Ausgaben'!$J$43,'Steuerliche_Auswertung'!$H$6:$I$14,2,FALSE),"Nicht zugeordnet"))
S44: =IF('Einnahmen_Ausgaben'!$J$44="","",IFERROR(VLOOKUP('Einnahmen_Ausgaben'!$J$44,'Steuerliche_Auswertung'!$H$6:$I$14,2,FALSE),"Nicht zugeordnet"))
S45: =IF('Einnahmen_Ausgaben'!$J$45="","",IFERROR(VLOOKUP('Einnahmen_Ausgaben'!$J$45,'Steuerliche_Auswertung'!$H$6:$I$14,2,FALSE),"Nicht zugeordnet"))
S46: =IF('Einnahmen_Ausgaben'!$J$46="","",IFERROR(VLOOKUP('Einnahmen_Ausgaben'!$J$46,'Steuerliche_Auswertung'!$H$6:$I$14,2,FALSE),"Nicht zugeordnet"))
S47: =IF('Einnahmen_Ausgaben'!$J$47="","",IFERROR(VLOOKUP('Einnahmen_Ausgaben'!$J$47,'Steuerliche_Auswertung'!$H$6:$I$14,2,FALSE),"Nicht zugeordnet"))
S48: =IF('Einnahmen_Ausgaben'!$J$48="","",IFERROR(VLOOKUP('Einnahmen_Ausgaben'!$J$48,'Steuerliche_Auswertung'!$H$6:$I$14,2,FALSE),"Nicht zugeordnet"))
S49: =IF('Einnahmen_Ausgaben'!$J$49="","",IFERROR(VLOOKUP('Einnahmen_Ausgaben'!$J$49,'Steuerliche_Auswertung'!$H$6:$I$14,2,FALSE),"Nicht zugeordnet"))
S50: =IF('Einnahmen_Ausgaben'!$J$50="","",IFERROR(VLOOKUP('Einnahmen_Ausgaben'!$J$50,'Steuerliche_Auswertung'!$H$6:$I$14,2,FALSE),"Nicht zugeordnet"))
S51: =IF('Einnahmen_Ausgaben'!$J$51="","",IFERROR(VLOOKUP('Einnahmen_Ausgaben'!$J$51,'Steuerliche_Auswertung'!$H$6:$I$14,2,FALSE),"Nicht zugeordnet"))
S52: =IF('Einnahmen_Ausgaben'!$J$52="","",IFERROR(VLOOKUP('Einnahmen_Ausgaben'!$J$52,'Steuerliche_Auswertung'!$H$6:$I$14,2,FALSE),"Nicht zugeordnet"))
S53: =IF('Einnahmen_Ausgaben'!$J$53="","",IFERROR(VLOOKUP('Einnahmen_Ausgaben'!$J$53,'Steuerliche_Auswertung'!$H$6:$I$14,2,FALSE),"Nicht zugeordnet"))
S54: =IF('Einnahmen_Ausgaben'!$J$54="","",IFERROR(VLOOKUP('Einnahmen_Ausgaben'!$J$54,'Steuerliche_Auswertung'!$H$6:$I$14,2,FALSE),"Nicht zugeordnet"))
S55: =IF('Einnahmen_Ausgaben'!$J$55="","",IFERROR(VLOOKUP('Einnahmen_Ausgaben'!$J$55,'Steuerliche_Auswertung'!$H$6:$I$14,2,FALSE),"Nicht zugeordnet"))
S56: =IF('Einnahmen_Ausgaben'!$J$56="","",IFERROR(VLOOKUP('Einnahmen_Ausgaben'!$J$56,'Steuerliche_Auswertung'!$H$6:$I$14,2,FALSE),"Nicht zugeordnet"))
S57: =IF('Einnahmen_Ausgaben'!$J$57="","",IFERROR(VLOOKUP('Einnahmen_Ausgaben'!$J$57,'Steuerliche_Auswertung'!$H$6:$I$14,2,FALSE),"Nicht zugeordnet"))
S58: =IF('Einnahmen_Ausgaben'!$J$58="","",IFERROR(VLOOKUP('Einnahmen_Ausgaben'!$J$58,'Steuerliche_Auswertung'!$H$6:$I$14,2,FALSE),"Nicht zugeordnet"))
S59: =IF('Einnahmen_Ausgaben'!$J$59="","",IFERROR(VLOOKUP('Einnahmen_Ausgaben'!$J$59,'Steuerliche_Auswertung'!$H$6:$I$14,2,FALSE),"Nicht zugeordnet"))
S60: =IF('Einnahmen_Ausgaben'!$J$60="","",IFERROR(VLOOKUP('Einnahmen_Ausgaben'!$J$60,'Steuerliche_Auswertung'!$H$6:$I$14,2,FALSE),"Nicht zugeordnet"))
S61: =IF('Einnahmen_Ausgaben'!$J$61="","",IFERROR(VLOOKUP('Einnahmen_Ausgaben'!$J$61,'Steuerliche_Auswertung'!$H$6:$I$14,2,FALSE),"Nicht zugeordnet"))
S62: =IF('Einnahmen_Ausgaben'!$J$62="","",IFERROR(VLOOKUP('Einnahmen_Ausgaben'!$J$62,'Steuerliche_Auswertung'!$H$6:$I$14,2,FALSE),"Nicht zugeordnet"))
S63: =IF('Einnahmen_Ausgaben'!$J$63="","",IFERROR(VLOOKUP('Einnahmen_Ausgaben'!$J$63,'Steuerliche_Auswertung'!$H$6:$I$14,2,FALSE),"Nicht zugeordnet"))
S64: =IF('Einnahmen_Ausgaben'!$J$64="","",IFERROR(VLOOKUP('Einnahmen_Ausgaben'!$J$64,'Steuerliche_Auswertung'!$H$6:$I$14,2,FALSE),"Nicht zugeordnet"))
S65: =IF('Einnahmen_Ausgaben'!$J$65="","",IFERROR(VLOOKUP('Einnahmen_Ausgaben'!$J$65,'Steuerliche_Auswertung'!$H$6:$I$14,2,FALSE),"Nicht zugeordnet"))
S66: =IF('Einnahmen_Ausgaben'!$J$66="","",IFERROR(VLOOKUP('Einnahmen_Ausgaben'!$J$66,'Steuerliche_Auswertung'!$H$6:$I$14,2,FALSE),"Nicht zugeordnet"))
S67: =IF('Einnahmen_Ausgaben'!$J$67="","",IFERROR(VLOOKUP('Einnahmen_Ausgaben'!$J$67,'Steuerliche_Auswertung'!$H$6:$I$14,2,FALSE),"Nicht zugeordnet"))
S68: =IF('Einnahmen_Ausgaben'!$J$68="","",IFERROR(VLOOKUP('Einnahmen_Ausgaben'!$J$68,'Steuerliche_Auswertung'!$H$6:$I$14,2,FALSE),"Nicht zugeordnet"))
S69: =IF('Einnahmen_Ausgaben'!$J$69="","",IFERROR(VLOOKUP('Einnahmen_Ausgaben'!$J$69,'Steuerliche_Auswertung'!$H$6:$I$14,2,FALSE),"Nicht zugeordnet"))
S70: =IF('Einnahmen_Ausgaben'!$J$70="","",IFERROR(VLOOKUP('Einnahmen_Ausgaben'!$J$70,'Steuerliche_Auswertung'!$H$6:$I$14,2,FALSE),"Nicht zugeordnet"))
S71: =IF('Einnahmen_Ausgaben'!$J$71="","",IFERROR(VLOOKUP('Einnahmen_Ausgaben'!$J$71,'Steuerliche_Auswertung'!$H$6:$I$14,2,FALSE),"Nicht zugeordnet"))
S72: =IF('Einnahmen_Ausgaben'!$J$72="","",IFERROR(VLOOKUP('Einnahmen_Ausgaben'!$J$72,'Steuerliche_Auswertung'!$H$6:$I$14,2,FALSE),"Nicht zugeordnet"))
S73: =IF('Einnahmen_Ausgaben'!$J$73="","",IFERROR(VLOOKUP('Einnahmen_Ausgaben'!$J$73,'Steuerliche_Auswertung'!$H$6:$I$14,2,FALSE),"Nicht zugeordnet"))
S74: =IF('Einnahmen_Ausgaben'!$J$74="","",IFERROR(VLOOKUP('Einnahmen_Ausgaben'!$J$74,'Steuerliche_Auswertung'!$H$6:$I$14,2,FALSE),"Nicht zugeordnet"))
S75: =IF('Einnahmen_Ausgaben'!$J$75="","",IFERROR(VLOOKUP('Einnahmen_Ausgaben'!$J$75,'Steuerliche_Auswertung'!$H$6:$I$14,2,FALSE),"Nicht zugeordnet"))
S76: =IF('Einnahmen_Ausgaben'!$J$76="","",IFERROR(VLOOKUP('Einnahmen_Ausgaben'!$J$76,'Steuerliche_Auswertung'!$H$6:$I$14,2,FALSE),"Nicht zugeordnet"))
S77: =IF('Einnahmen_Ausgaben'!$J$77="","",IFERROR(VLOOKUP('Einnahmen_Ausgaben'!$J$77,'Steuerliche_Auswertung'!$H$6:$I$14,2,FALSE),"Nicht zugeordnet"))
S78: =IF('Einnahmen_Ausgaben'!$J$78="","",IFERROR(VLOOKUP('Einnahmen_Ausgaben'!$J$78,'Steuerliche_Auswertung'!$H$6:$I$14,2,FALSE),"Nicht zugeordnet"))
S79: =IF('Einnahmen_Ausgaben'!$J$79="","",IFERROR(VLOOKUP('Einnahmen_Ausgaben'!$J$79,'Steuerliche_Auswertung'!$H$6:$I$14,2,FALSE),"Nicht zugeordnet"))
S80: =IF('Einnahmen_Ausgaben'!$J$80="","",IFERROR(VLOOKUP('Einnahmen_Ausgaben'!$J$80,'Steuerliche_Auswertung'!$H$6:$I$14,2,FALSE),"Nicht zugeordnet"))
S81: =IF('Einnahmen_Ausgaben'!$J$81="","",IFERROR(VLOOKUP('Einnahmen_Ausgaben'!$J$81,'Steuerliche_Auswertung'!$H$6:$I$14,2,FALSE),"Nicht zugeordnet"))
S82: =IF('Einnahmen_Ausgaben'!$J$82="","",IFERROR(VLOOKUP('Einnahmen_Ausgaben'!$J$82,'Steuerliche_Auswertung'!$H$6:$I$14,2,FALSE),"Nicht zugeordnet"))
S83: =IF('Einnahmen_Ausgaben'!$J$83="","",IFERROR(VLOOKUP('Einnahmen_Ausgaben'!$J$83,'Steuerliche_Auswertung'!$H$6:$I$14,2,FALSE),"Nicht zugeordnet"))
S84: =IF('Einnahmen_Ausgaben'!$J$84="","",IFERROR(VLOOKUP('Einnahmen_Ausgaben'!$J$84,'Steuerliche_Auswertung'!$H$6:$I$14,2,FALSE),"Nicht zugeordnet"))
S85: =IF('Einnahmen_Ausgaben'!$J$85="","",IFERROR(VLOOKUP('Einnahmen_Ausgaben'!$J$85,'Steuerliche_Auswertung'!$H$6:$I$14,2,FALSE),"Nicht zugeordnet"))
S86: =IF('Einnahmen_Ausgaben'!$J$86="","",IFERROR(VLOOKUP('Einnahmen_Ausgaben'!$J$86,'Steuerliche_Auswertung'!$H$6:$I$14,2,FALSE),"Nicht zugeordnet"))
S87: =IF('Einnahmen_Ausgaben'!$J$87="","",IFERROR(VLOOKUP('Einnahmen_Ausgaben'!$J$87,'Steuerliche_Auswertung'!$H$6:$I$14,2,FALSE),"Nicht zugeordnet"))
S88: =IF('Einnahmen_Ausgaben'!$J$88="","",IFERROR(VLOOKUP('Einnahmen_Ausgaben'!$J$88,'Steuerliche_Auswertung'!$H$6:$I$14,2,FALSE),"Nicht zugeordnet"))
S89: =IF('Einnahmen_Ausgaben'!$J$89="","",IFERROR(VLOOKUP('Einnahmen_Ausgaben'!$J$89,'Steuerliche_Auswertung'!$H$6:$I$14,2,FALSE),"Nicht zugeordnet"))
S90: =IF('Einnahmen_Ausgaben'!$J$90="","",IFERROR(VLOOKUP('Einnahmen_Ausgaben'!$J$90,'Steuerliche_Auswertung'!$H$6:$I$14,2,FALSE),"Nicht zugeordnet"))
S91: =IF('Einnahmen_Ausgaben'!$J$91="","",IFERROR(VLOOKUP('Einnahmen_Ausgaben'!$J$91,'Steuerliche_Auswertung'!$H$6:$I$14,2,FALSE),"Nicht zugeordnet"))
S92: =IF('Einnahmen_Ausgaben'!$J$92="","",IFERROR(VLOOKUP('Einnahmen_Ausgaben'!$J$92,'Steuerliche_Auswertung'!$H$6:$I$14,2,FALSE),"Nicht zugeordnet"))
S93: =IF('Einnahmen_Ausgaben'!$J$93="","",IFERROR(VLOOKUP('Einnahmen_Ausgaben'!$J$93,'Steuerliche_Auswertung'!$H$6:$I$14,2,FALSE),"Nicht zugeordnet"))
S94: =IF('Einnahmen_Ausgaben'!$J$94="","",IFERROR(VLOOKUP('Einnahmen_Ausgaben'!$J$94,'Steuerliche_Auswertung'!$H$6:$I$14,2,FALSE),"Nicht zugeordnet"))
S95: =IF('Einnahmen_Ausgaben'!$J$95="","",IFERROR(VLOOKUP('Einnahmen_Ausgaben'!$J$95,'Steuerliche_Auswertung'!$H$6:$I$14,2,FALSE),"Nicht zugeordnet"))
S96: =IF('Einnahmen_Ausgaben'!$J$96="","",IFERROR(VLOOKUP('Einnahmen_Ausgaben'!$J$96,'Steuerliche_Auswertung'!$H$6:$I$14,2,FALSE),"Nicht zugeordnet"))
S97: =IF('Einnahmen_Ausgaben'!$J$97="","",IFERROR(VLOOKUP('Einnahmen_Ausgaben'!$J$97,'Steuerliche_Auswertung'!$H$6:$I$14,2,FALSE),"Nicht zugeordnet"))
S98: =IF('Einnahmen_Ausgaben'!$J$98="","",IFERROR(VLOOKUP('Einnahmen_Ausgaben'!$J$98,'Steuerliche_Auswertung'!$H$6:$I$14,2,FALSE),"Nicht zugeordnet"))
S99: =IF('Einnahmen_Ausgaben'!$J$99="","",IFERROR(VLOOKUP('Einnahmen_Ausgaben'!$J$99,'Steuerliche_Auswertung'!$H$6:$I$14,2,FALSE),"Nicht zugeordnet"))
S100: =IF('Einnahmen_Ausgaben'!$J$100="","",IFERROR(VLOOKUP('Einnahmen_Ausgaben'!$J$100,'Steuerliche_Auswertung'!$H$6:$I$14,2,FALSE),"Nicht zugeordnet"))
...

Sheet Steuerliche_Auswertung
A1: Steuerliche Auswertung für die Anlage V
A2: Kennzahl | B2: Wert
A3: Summe Kaltmieten | B3: =SUMIF('Einnahmen_Ausgaben'!$J$2:$J$111,"Kaltmiete",'Einnahmen_Ausgaben'!$M$2:$M$111)
A4: Summe Stellplatz-/sonstige Mieten | B4: =SUMIF('Einnahmen_Ausgaben'!$J$2:$J$111,"Stellplatzmiete",'Einnahmen_Ausgaben'!$M$2:$M$111)
A5: Summe Nebenkostenvorauszahlungen | B5: =SUMIF('Einnahmen_Ausgaben'!$J$2:$J$111,"Betriebskostenvorauszahlung",'Einnahmen_Ausgaben'!$M$2:$M$111) | H5: Steuerkategorie | I5: Kategoriegruppe
A6: Gesamteinnahmen | B6: =SUM('Einnahmen_Ausgaben'!$M$2:$M$111) | H6: Kaltmiete | I6: Mieteinnahmen
A7: Umlagefähige Betriebskosten | B7: =SUMIFS('Einnahmen_Ausgaben'!$N$2:$N$111,'Einnahmen_Ausgaben'!$L$2:$L$111,"Ja") | H7: Stellplatzmiete | I7: Mieteinnahmen
A8: Nicht umlagefähige Werbungskosten | B8: =SUMIFS('Einnahmen_Ausgaben'!$N$2:$N$111,'Einnahmen_Ausgaben'!$L$2:$L$111,"Nein",'Einnahmen_Ausgaben'!$O$2:$O$111,"Nein") | H8: Betriebskostenvorauszahlung | I8: Nebenkosten
A9: Schuldzinsen | B9: =SUMIF('Einnahmen_Ausgaben'!$J$2:$J$111,"Zinsen",'Einnahmen_Ausgaben'!$N$2:$N$111) | H9: Grundsteuer | I9: Werbungskosten
A10: AfA (Buchung oder Modell) | B10: =IF(COUNTIF('Einnahmen_Ausgaben'!$J$2:$J$111,"AfA")>0,SUMIF('Einnahmen_Ausgaben'!$J$2:$J$111,"AfA",'Einnahmen_Ausgaben'!$N$2:$N$111),'Steuerliche_Auswertung'!$B$26) | H10: Versicherung | I10: Werbungskosten
A11: Werbungskosten ohne AfA | B11: =SUMIFS('Einnahmen_Ausgaben'!$N$2:$N$111,'Einnahmen_Ausgaben'!$O$2:$O$111,"Nein") | H11: Hausverwaltung | I11: Werbungskosten
A12: Gesamte Werbungskosten | B12: =SUM('Steuerliche_Auswertung'!$B$10,'Steuerliche_Auswertung'!$B$11) | H12: Reparatur | I12: Werbungskosten
A13: Steuerlicher Überschuss/Verlust | B13: ='Steuerliche_Auswertung'!$B$6-'Steuerliche_Auswertung'!$B$12 | H13: Zinsen | I13: Schuldzinsen
A14: Bruttomietrendite | B14: =IFERROR('Steuerliche_Auswertung'!$B$24/'Steuerliche_Auswertung'!$B$19,0) | H14: AfA | I14: AfA
A15: Durchschnittliche monatliche Einnahmen | B15: =IFERROR(AVERAGE('Steuerliche_Auswertung'!$B$6/12),0)
A16: Anzahl Belege | B16: =COUNTIF('Einnahmen_Ausgaben'!$P$2:$P$111,"<>")
A18: AfA- und Renditeparameter | B18: Eingabe / Berechnung
A19: Kaufpreis Gebäude (€) | B19: 285000
A20: Grundstücksanteil (%) | B20: 0.2
A21: AfA-Satz (%) | B21: 0.02
A22: Erwerbsdatum | B22: 46023
A23: Vermietbare Wohnfläche (m²) | B23: 245
A24: Jahresnettokaltmiete (€) | B24: 34200
A25: AfA-Bemessungsgrundlage (€) | B25: =IF(OR('Steuerliche_Auswertung'!$B$19="",'Steuerliche_Auswertung'!$B$20=""),"",'Steuerliche_Auswertung'!$B$19*(1-'Steuerliche_Auswertung'!$B$20))
A26: Jährliche AfA (€) | B26: =IF(OR('Steuerliche_Auswertung'!$B$25="",'Steuerliche_Auswertung'!$B$21=""),"",'Steuerliche_Auswertung'!$B$25*'Steuerliche_Auswertung'!$B$21)
A30: Steuerkategorie | B30: Einnahmen (€) | C30: Werbungskosten (€)
A31: Kaltmiete | B31: =SUMIF('Einnahmen_Ausgaben'!$J$2:$J$111,'Steuerliche_Auswertung'!$A$31,'Einnahmen_Ausgaben'!$M$2:$M$111) | C31: =SUMIF('Einnahmen_Ausgaben'!$J$2:$J$111,'Steuerliche_Auswertung'!$A$31,'Einnahmen_Ausgaben'!$N$2:$N$111)
A32: Stellplatzmiete | B32: =SUMIF('Einnahmen_Ausgaben'!$J$2:$J$111,'Steuerliche_Auswertung'!$A$32,'Einnahmen_Ausgaben'!$M$2:$M$111) | C32: =SUMIF('Einnahmen_Ausgaben'!$J$2:$J$111,'Steuerliche_Auswertung'!$A$32,'Einnahmen_Ausgaben'!$N$2:$N$111)
A33: Betriebskostenvorauszahlung | B33: =SUMIF('Einnahmen_Ausgaben'!$J$2:$J$111,'Steuerliche_Auswertung'!$A$33,'Einnahmen_Ausgaben'!$M$2:$M$111) | C33: =SUMIF('Einnahmen_Ausgaben'!$J$2:$J$111,'Steuerliche_Auswertung'!$A$33,'Einnahmen_Ausgaben'!$N$2:$N$111)
A34: Grundsteuer | B34: =SUMIF('Einnahmen_Ausgaben'!$J$2:$J$111,'Steuerliche_Auswertung'!$A$34,'Einnahmen_Ausgaben'!$M$2:$M$111) | C34: =SUMIF('Einnahmen_Ausgaben'!$J$2:$J$111,'Steuerliche_Auswertung'!$A$34,'Einnahmen_Ausgaben'!$N$2:$N$111)
A35: Versicherung | B35: =SUMIF('Einnahmen_Ausgaben'!$J$2:$J$111,'Steuerliche_Auswertung'!$A$35,'Einnahmen_Ausgaben'!$M$2:$M$111) | C35: =SUMIF('Einnahmen_Ausgaben'!$J$2:$J$111,'Steuerliche_Auswertung'!$A$35,'Einnahmen_Ausgaben'!$N$2:$N$111)
A36: Hausverwaltung | B36: =SUMIF('Einnahmen_Ausgaben'!$J$2:$J$111,'Steuerliche_Auswertung'!$A$36,'Einnahmen_Ausgaben'!$M$2:$M$111) | C36: =SUMIF('Einnahmen_Ausgaben'!$J$2:$J$111,'Steuerliche_Auswertung'!$A$36,'Einnahmen_Ausgaben'!$N$2:$N$111)
A37: Reparatur | B37: =SUMIF('Einnahmen_Ausgaben'!$J$2:$J$111,'Steuerliche_Auswertung'!$A$37,'Einnahmen_Ausgaben'!$M$2:$M$111) | C37: =SUMIF('Einnahmen_Ausgaben'!$J$2:$J$111,'Steuerliche_Auswertung'!$A$37,'Einnahmen_Ausgaben'!$N$2:$N$111)
A38: Zinsen | B38: =SUMIF('Einnahmen_Ausgaben'!$J$2:$J$111,'Steuerliche_Auswertung'!$A$38,'Einnahmen_Ausgaben'!$M$2:$M$111) | C38: =SUMIF('Einnahmen_Ausgaben'!$J$2:$J$111,'Steuerliche_Auswertung'!$A$38,'Einnahmen_Ausgaben'!$N$2:$N$111)
A39: AfA | B39: =SUMIF('Einnahmen_Ausgaben'!$J$2:$J$111,'Steuerliche_Auswertung'!$A$39,'Einnahmen_Ausgaben'!$M$2:$M$111) | C39: =SUMIF('Einnahmen_Ausgaben'!$J$2:$J$111,'Steuerliche_Auswertung'!$A$39,'Einnahmen_Ausgaben'!$N$2:$N$111)

Sheet Anleitung
A1: Anleitung zur Mieteinnahmen Steuer Aufstellung
A3: Schritt | B3: Hinweis für die Bearbeitung
A4: 1 | B4: Füllen Sie die gelb markierten Eingabezellen in der Tabelle Einnahmen_Ausgaben sowie die AfA- und Renditeparameter in der Steuerlichen_Auswertung aus.
A5: 2 | B5: Erfassen Sie jede Zahlung mit Datum, Eigentümer, Objekt, Belegnummer, Zahlungsstatus und zutreffender Steuerkategorie. Für weitere Buchungen stehen mindestens 100 vorbereitete Zeilen bereit.
A6: 3 | B6: Beurteilen Sie die Umlagefähigkeit getrennt von der steuerlichen Abzugsfähigkeit. Umlagefähige Kosten können dennoch Werbungskosten sein, sofern sie wirtschaftlich vom Vermieter getragen werden.
A7: 4 | B7: Berücksichtigen Sie AfA nur für den Gebäudeanteil. Der Grundstücksanteil ist nicht abschreibbar. Der voreingestellte AfA-Satz ist ein bearbeitbarer Planungswert und muss für Ihr Objekt geprüft werden.
A8: 5 | B8: Prüfen Sie die Ergebnisse für die Anlage V durch Ihren Steuerberater, eine steuerberatende Stelle oder das zuständige Finanzamt. Diese Arbeitsmappe ersetzt keine Steuerberatung.
A10: Fachlicher Hinweis | B10: Beachten Sie insbesondere die Betriebskostenverordnung (BetrKV), die Abgrenzung von Werbungskosten, Schuldzinsen und AfA nach § 7 EStG. Bei gemischter Nutzung, Leerstand, Eigennutzung, Sanierungsmaßnahmen oder mehreren Eigentümern können besondere steuerliche Zuordnungen erforderlich sein.
A12: Aufbau der Arbeitsmappe | B12: Einnahmen_Ausgaben: zentrale Erfassung aller Mieteinnahmen und Ausgaben. Steuerliche_Auswertung: Kennzahlen, AfA-Modell, Kategorienzuordnung und Diagramme. Anleitung: Bearbeitungshinweise und fachliche Einordnung.
